 Dungeon Crawl Stone Soup version 0.28.0-43-g3370ac3207 (webtiles) character file.

Game seed: 15038273565971638336

648 zeref the Grave Robber (level 7, -9/48 HPs)
             Began as a Vampire Necromancer on Mar 23, 2022.
             Mangled by an ogre
             ... wielding a +0 giant spiked club
              (16 damage)
             ... on level 5 of the Dungeon.
             The game lasted 01:02:56 (3729 turns).

zeref the Grave Robber (Vampire Necromancer)        Turns: 3729, Time: 01:02:56

Health: -9/48      AC:  5    Str:  7    XL:     7   Next: 27%
Magic:  2/13       EV: 18    Int: 19    God:
Gold:   99         SH:  0    Dex: 21    Spells: 14/15 levels left

rFire   . . .      SeeInvis +   e - +0 quarterstaff
rCold   . . .      Faith    .   (shield currently unavailable)
rNeg    . . .      Spirit   .   M - +2 robe {Archmagi}
rPois   .          Reflect  .   (no helmet)
rElec   .          Harm     .   (no cloak)
rCorr   .          Rampage  .   O - +0 pair of gloves
Will    .....      Archmagi +   (no boots)
Stlth   +++.......              (no amulet)
HPRegen 0.36/turn               s - +4 ring of evasion
MPRegen 0.13/turn               J - +6 ring of dexterity

@: healing quickly
A: alive, fangs 3, see invisible, vampiric 2
a: Exsanguinate


You were on level 5 of the Dungeon.
You visited 1 branch of the dungeon, and saw 5 of its levels.

You collected 99 gold pieces.

Inventory:

Hand Weapons
 e - a +0 quarterstaff (weapon)
 i - a +0 hand axe
 l - a +0 flail
 q - a +0 dagger of venom
 r - a +0 whip
 u - a +0 dagger
 w - a +0 spear
 x - a +0 club
 y - a +0 falchion
 B - a +0 spear
 C - a +0 mace
 S - a +0 short sword
 T - a +0 mace of holy wrath
 Z - a +0 hand crossbow
Missiles
 c - 43 arrows
 d - 119 stones
 g - 38 bolts
 j - 7 poisoned darts
 n - 17 sling bullets
 D - 2 boomerangs
 N - 5 javelins
Armour
 a - a +0 robe
 k - a +0 helmet
 m - a +0 ring mail
 z - a +0 animal skin
 A - a +0 helmet
 M - a +2 robe of the Archmagi (worn)
 O - a +0 pair of gloves (worn)
 Q - a +0 leather armour
 W - a +0 robe
 Y - a +0 leather armour
Jewellery
 o - a ring of wizardry
 s - a +4 ring of evasion (left hand)
 J - a +6 ring of dexterity (right hand)
Wands
 v - a wand of charming (10)
 R - a wand of digging (5)
Scrolls
 f - a scroll of blinking {unknown}
 p - 2 scrolls of identify {unknown}
Potions
 b - 3 potions of curing {unknown}
 t - 2 potions of ambrosia {unknown}
 E - a potion of resistance {unknown}
 F - a potion of cancellation {unknown}


   Skills:
 + Level 1.2 Fighting
 + Level 1.4 Staves
 + Level 4.2 Dodging
 + Level 3.6 Stealth
 + Level 4.5 Spellcasting
 + Level 6.6 Necromancy


You had 14 spell levels left.
You knew the following spells:

 Your Spells              Type           Power      Damage    Failure   Level
a - Pain                  Necr           100%       1d9       1%          1

Your spell library contained the following spells:

 Spells                   Type           Power      Damage    Failure   Level
 Animate Skeleton         Necr           88%        N/A       1%          1
 Vampiric Draining        Necr           44%        2d9       2%          3
 Corpse Rot               Necr/Air       50%        N/A       4%          2
 Animate Dead             Necr           22%        N/A       9%          4
 Dispel Undead            Necr           44%        3d17      9%          4
 Agony                    Necr           44%        N/A       24%         5
 Death Channel            Necr           22%        N/A       78%         6


Dungeon Overview and Level Annotations

Branches:
Dungeon (5/15)
 Temple: D:4-7

Altars:


Innate Abilities, Weirdness & Mutations

Your natural rate of healing is accelerated.
You have razor-sharp teeth.
You have supernaturally acute eyesight. (SInv)
You are afflicted with vampirism and can become a bat while bloodless.


Message History

Confirm with . or Enter, or press ? or * to list all spells.
Aiming: Pain (safe; 1% risk of failure)
Press: ? - help, Shift-Dir - straight line, f/p - scorpion
Aim: a scorpion (severely wounded, chance to affect: 83%)
You feel a surge of power!
The scorpion writhes in agony.
You kill the scorpion!
You feel sick. The ogre misses you.
Casting: Pain (safe; 1% risk of failure)
Confirm with . or Enter, or press ? or * to list all spells.
Aiming: Pain (safe; 1% risk of failure)
Press: ? - help, Shift-Dir - straight line, f - ogre
Aim: an ogre, wielding a +0 giant spiked club (chance to affect: 83%)
You feel a surge of power!
The ogre writhes in agony!
You feel sick.
Casting: Pain (safe; 1% risk of failure)
Confirm with . or Enter, or press ? or * to list all spells.
Aiming: Pain (safe; 1% risk of failure)
Press: ? - help, Shift-Dir - straight line, f/p - ogre
Aim: an ogre, wielding a +0 giant spiked club (moderately wounded, chance to affect: 83%)
You feel a surge of power!
The ogre writhes in agony!
You feel sick. The ogre barely misses you.
Casting: Pain (safe; 1% risk of failure)
Confirm with . or Enter, or press ? or * to list all spells.
You don't have enough magic to cast this spell.
You feel sick. The ogre completely misses you.
Casting: Pain (safe; 1% risk of failure)
Confirm with . or Enter, or press ? or * to list all spells.
You don't know that spell.
You feel sick. The ogre misses you.
You feel sick.
Casting: Pain (safe; 1% risk of failure)
Confirm with . or Enter, or press ? or * to list all spells.
Aiming: Pain (safe; 1% risk of failure)
Press: ? - help, Shift-Dir - straight line, f/p - ogre
Aim: an ogre, wielding a +0 giant spiked club (heavily wounded, chance to affect: 83%)
You feel a surge of power!
The ogre writhes in agony.
You feel sick.
You are no longer poisoned.
The ogre hits you with a +0 giant spiked club!
* * * LOW HITPOINT WARNING * * *
The ogre hits you with a +0 giant spiked club!
You die...

## ## #..
....### ..
#......##### .#
#..#...@.##.####
#....##O......#
####.....#.##..
###...#.#
#.<..)# #...#)##
#.#.#...
#..#.#####
...##.#


You could see an ogre.

Vanquished Creatures
  The ghost of Icepheonix32 the Covert, an amateur SpDe (D:4)
  2 scorpions
  A water moccasin skeleton (D:4)
  A centaur zombie (D:4)
  An orc priest (D:3)
  Jessica (D:2)
  Ijyb (D:3)
  An iguana (D:4)
  2 orc wizards
  Robin (D:2)
  7 gnolls
  8 adders
  A worm (D:2)
  A dart slug (D:2)
  3 orcs
  7 endoplasms
  A giant cockroach (D:2)
  12 goblins
  9 hobgoblins
  6 jackals
  8 kobolds
  A quokka (D:3)
  7 ball pythons
  3 bats
  4 frilled lizards
  3 rats
93 creatures vanquished.

Vanquished Creatures (others)
  A fungus (D:1)
1 creature vanquished.

Grand Total: 94 creatures vanquished

Notes
Turn   | Place    | Note
-------+----------+-------------------------------------------
     0 | D:1      | zeref the Vampire Necromancer began the quest for the Orb.
     0 | D:1      | Reached XP level 1. HP: 13/13 MP: 3/3
   476 | D:1      | Reached XP level 2. HP: 18/19 MP: 0/5
   949 | D:1      | Found a faded altar of an unknown god.
  1231 | D:2      | Gained mutation: You are afflicted with vampirism and can
                  | become a bat while bloodless. [Vampire growth]
  1231 | D:2      | Reached XP level 3. HP: 23/24 MP: 1/6
  1419 | D:2      | Noticed Robin
  1443 | D:2      | Reached skill level 5 in Necromancy
  1512 | D:2      | Killed Robin
  1718 | D:2      | Noticed Jessica
  1736 | D:2      | Killed Jessica
  1737 | D:2      | Reached XP level 4. HP: 16/30 MP: 4/8
  1978 | D:3      | Noticed Ijyb
  1984 | D:3      | Killed Ijyb
  1988 | D:3      | Reached XP level 5. HP: 29/35 MP: 1/9
  2509 | D:4      | Reached skill level 6 in Necromancy
  2887 | D:4      | Reached XP level 6. HP: 39/42 MP: 6/12
  3051 | D:4      | Reached skill level 1 in Staves
  3097 | D:4      | Found a runed translucent door.
  3138 | D:4      | Noticed Icepheonix32's ghost (amateur SpDe)
  3303 | D:4      | Killed Icepheonix32's ghost
  3543 | D:4      | Reached skill level 1 in Fighting
  3543 | D:4      | Reached XP level 7. HP: 23/48 MP: 9/13
  3693 | D:5      | Entered Level 5 of the Dungeon
  3713 | D:5      | HP: 2/48 [ogre/+0 giant spiked club (10)]
  3729 | D:5      | Mangled by an ogre

Illustrated notes

Levels and vault maps discovered:
D:1:      roderic_dead_forest, layout_basic,
          shapermc_ecumenical_altar_mp_ritualfount
D:2:      layout_basic, uniq_natasha, uniq_robin, uniq_jessica
D:3:      layout_basic, uniq_ijyb
D:4:      layout_cave_pods, ebering_ghost_sewer_d
D:5:      layout_rooms, serial_shops, shop_statue

Skill      XL: |  1  2  3  4  5  6  7 |
---------------+----------------------+-----
Necromancy     | 5 6 |  6.6
Spellcasting   | 3 4 |  4.5
Staves         | 1 |  1.4
Dodging        | 3 4 |  4.2
Fighting       | 1 |  1.2
Stealth        | |  3.6

Action                   |  1- 3 |  4- 6 |  7- 9 || total
-------------------------+-------+-------+-------++-------
Melee: Quarterstaff      |    37 |    78 |    13 ||   128
       Bite              |     2 |    11 |     2 ||    15
 Cast: Pain              |    69 |    86 |    17 ||   172
Armor: Robe              |     9 |    49 |    16 ||    74
       Animal skin       |     4 |       |       ||     4
Dodge: Dodged            |    56 |   169 |    56 ||   281
